 Dungeon Crawl Stone Soup version 0.27-a0-988-g25969acef8 (webtiles) character file.

Game seed: 4970644262936057072

324 karrick the Magician (level 6, -1/41 HPs)
             Began as a Djinni Fire Elementalist on Apr 15, 2021.
             Slain by a gnoll
             ... wielding a +0 halberd
              (7 damage)
             ... on level 4 of the Dungeon.
             The game lasted 00:05:56 (4131 turns).

karrick the Magician (Djinni Fire Elementalist)     Turns: 4131, Time: 00:05:58

Health: -1/41      AC:  8    Str:  9    XL:     6   Next: 48%
Gold:   75         EV: 12    Int: 17    God:
                   SH:  0    Dex: 13

rFire    + + .     SeeInvis .   f - +1 short sword (venom)
rCold    x . .     Faith    .   (no shield)
rNeg     . . .     Spirit   .   a - +0 robe
rPois    ∞         Reflect  .   (no helmet)
rElec    .         Harm     .   g - +1 cloak
rCorr    .         Rampage  .   (no gloves)
Will     .....                  (boots unavailable)
Stlth    ++........             (no amulet)
HPRegen  0.13/turn              n - +4 ring of protection
MPRegen  0.00/turn              (no ring)

@: flying
A: fire resistance 2, cold vulnerability 1, float, innate caster, hp casting,
extra vitality 1
a: no special abilities


You were on level 4 of the Dungeon.
You visited 1 branch of the dungeon, and saw 4 of its levels.

You collected 75 gold pieces.

Inventory:

Hand Weapons
 d - a +0 dagger
 f - a +1 short sword of venom (weapon)
Armour
 a - a +0 robe (worn)
 g - a +1 cloak (worn)
 i - the -3 helmet of the Hidden Blessings {Int+4}
   (You took it off Robin on level 2 of the Dungeon)

   It affects your intelligence (+4).
Jewellery
 n - a +4 ring of protection (left hand)
 o - a ring of positive energy
Wands
 j - a wand of polymorph (4)
Scrolls
 b - a scroll of silence {unknown}
 e - 2 scrolls of teleportation {unknown}
 k - a scroll of noise {unknown}
 l - a scroll of magic mapping {unknown}
 m - a scroll of amnesia {unknown}
 q - a scroll of identify {unknown}
Potions
 c - a potion of cancellation {unknown}
 h - a potion of haste {unknown}
 p - a potion of brilliance {unknown}


   Skills:
 + Level 0.9 Fighting
 + Level 0.9 Short Blades
 + Level 2.5 Dodging
 + Level 2.6 Stealth
 + Level 5.3 Spellcasting


You couldn't memorise any spells.
You knew the following spells:

 Your Spells              Type           Power      Damage    Failure   Level
a - Foxfire               Conj/Fire      88%        2x1d8     1%          1
b - Conjure Flame         Conj/Fire      22%        6-21      4%          3
c - Inner Flame           Hex/Fire       22%        N/A       4%          3
d - Sticky Flame          Conj/Fire      22%        2d4       16%         4
e - Fireball              Conj/Fire      11%        3d7       41%         5
f - Sandblast             Erth           44%        2d11      1%          1
g - Corpse Rot            Necr/Air       N/A        N/A       2%          2
Your spell library was empty.

Dungeon Overview and Level Annotations

Branches:
Dungeon (4/15)
 Temple: D:4-7

Altars:
Wu Jian

Shops:
D:1 [


Innate Abilities, Weirdness & Mutations

You are immune to poison.
Your flesh is very heat resistant. (rF++)
You are vulnerable to cold. (rC-)
You float through the air rather than walking.
You learn spells naturally, not from books.
Your magical power is your life essence.
You have superior vitality. (+4 HP)


Message History

The gnoll is severely wounded.
The foxfire hits the kobold.
The kobold is moderately wounded.
The gnoll hits you with a +0 flail.
Casting: Foxfire (safe; 1% risk of failure)
Confirm with . or Enter, or press ? or * to list all spells.
You conjure some foxfire!
The foxfire hits the kobold.
You kill the kobold!
The gnoll completely misses you.
Casting: Foxfire (safe; 1% risk of failure)
Confirm with . or Enter, or press ? or * to list all spells.
You conjure some foxfire!
The foxfire hits the gnoll shaman!
The gnoll shaman is almost dead.
The foxfire hits the gnoll shaman but does no damage.
The gnoll shaman is almost dead.
The gnoll hits you from afar with a +0 halberd.
The gnoll closely misses you.
The gnoll hits you from afar with a +0 halberd!
Casting: Foxfire (safe; 1% risk of failure)
Confirm with . or Enter, or press ? or * to list all spells.
You conjure some foxfire!
* * * LOW HITPOINT WARNING * * *
The foxfire hits the gnoll.
The gnoll is almost dead.
The foxfire hits the gnoll shaman.
The gnoll shaman is almost dead.
The foxfire hits the gnoll shaman.
You kill the gnoll shaman!
The gnoll completely misses you. The gnoll hits you with a +0 flail.
* * * LOW HITPOINT WARNING * * *
The foxfire hits the gnoll.
You kill the gnoll!
The gnoll closely misses you.
Casting: Foxfire (safe; 1% risk of failure)
Confirm with . or Enter, or press ? or * to list all spells.
You conjure some foxfire!
* * * LOW HITPOINT WARNING * * *
The gnoll closely misses you.
The gnoll hits you from afar with a +0 halberd!
You die...

........## #....
..........# #.....
..........##.....#
....)............#
.|..............#
.(..............#
........v......#
.......gv@.....#
.....)...#....###
......))###.....###
.......## #........
......# ##........
....##
###.......... ...#
#............ ###
#............
#...§§v......


You could see a gnoll (fast, ally target).

Vanquished Creatures
  2 gnoll shamans
  Natasha (thrice) (D:2)
  Robin (D:2)
  6 gnolls
  5 adders
  An adder skeleton (D:3)
  3 ball pythons
  4 endoplasms
  3 giant cockroaches (D:1)
  11 goblins
  8 hobgoblins
  13 jackals
  4 kobolds
  3 quokkas
  4 bats
  A frilled lizard (D:3)
  6 rats
78 creatures vanquished.

Vanquished Creatures (others)
  359 foxfires
359 creatures vanquished.

Grand Total: 437 creatures vanquished

Notes
Turn   | Place    | Note
-------+----------+-------------------------------------------
     0 | D:1      | karrick the Djinni Fire Elementalist began the quest for
                  | the Orb.
     0 | D:1      | Reached XP level 1. HP: 15/15 MP: 0/0
   121 | D:1      | Found Syusuof's Antique Armour Emporium.
   325 | D:1      | Found a faded altar of an unknown god.
   411 | D:1      | Reached skill level 3 in Spellcasting
   658 | D:1      | Reached XP level 2. HP: 11/21 MP: 0/0
  1597 | D:2      | Reached XP level 3. HP: 21/25 MP: 0/0
  1597 | D:2      | Learned a level 1 spell: Sandblast
  2171 | D:2      | Identified the -3 helmet of the Hidden Blessings {Int+4}
  2171 | D:2      | Noticed Robin
  2196 | D:2      | Killed Robin
  2222 | D:2      | Reached XP level 4. HP: 16/31 MP: 0/0
  2264 | D:2      | Noticed Natasha
  2481 | D:2      | Reached skill level 4 in Spellcasting
  2750 | D:2      | Killed Natasha
  2857 | D:2      | Noticed Natasha
  2863 | D:2      | Killed Natasha
  2864 | D:2      | Reached XP level 5. HP: 27/35 MP: 0/0
  2864 | D:2      | Learned a level 2 spell: Corpse Rot
  2908 | D:2      | Noticed Natasha
  2914 | D:2      | Killed Natasha
  3045 | D:3      | Found an ornate altar of the Wu Jian Council.
  3437 | D:3      | Reached skill level 5 in Spellcasting
  3437 | D:3      | Reached XP level 6. HP: 31/41 MP: 0/0
  4131 | D:4      | Slain by a gnoll

Illustrated notes

Levels and vault maps discovered:
D:1:      dpeg_arrival_fog, layout_basic, basic_ecumenical_altar, serial_shops,
          nicolae_shop_window_shopping
D:2:      layout_basic, kennysheep_minor_cross, uniq_natasha, uniq_robin
D:3:      layout_basic, nzn_wu_jian_contemplation, minmay_box_of_dots
D:4:      minmay_bubble_buster, layout_cave_pods, serial_shops, shop

Skill      XL: |  1  2  3  4  5 |
---------------+----------------+-----
Spellcasting   | 3 4 5 |  5.3
Stealth        | 2 |  2.6
Fighting       | |  0.9
Short Blades   | |  0.9
Dodging        | |  2.5

Action                   |  1- 3 |  4- 6 || total
-------------------------+-------+-------++-------
Melee: Short sword       |       |    30 ||    30
 Cast: Foxfire           |   109 |   113 ||   222
       Corpse Rot        |       |     1 ||     1
 Stab: Sleeping          |       |     1 ||     1
Armor: Robe              |     3 |    10 ||    13
Dodge: Dodged            |     4 |    35 ||    39

Table legend: (Time is in decaauts)
 A = Elapsed time spent in this place.
 B = Non-inter-level travel time spent in this place.
 C = Inter-level travel time spent in this place.
 D = Time resting spent in this place.
 E = Time spent auto-exploring this place.
 F = Levels seen in this place.
 G = Mean time per level.
                   A        B        C        D        E       F      G
               +--------+--------+--------+--------+--------+-----+--------+
         Total |   4132 |   4053 |     79 |    146 |   3448 |   4 | 1033.0 |
       Dungeon |   4132 |   4053 |     79 |    146 |   3448 |   4 | 1033.0 |
               +--------+--------+--------+--------+--------+-----+--------+

Top non-repeatable levels by time:
     D:1: 1519 daAuts
     D:2: 1431 daAuts
     D:3: 1118 daAuts
     D:4: 62 daAuts
